 Dungeon Crawl Stone Soup version 0.29.0-13-gc9e81de378 (webtiles) character file.

Game seed: 7902653238552071326

1 freelancePsychic the Cudgeller (level 1, 0/19 HPs)
             Began as a Meteoran Berserker on Sept 10, 2022.
             Was a Follower of Trog.
             Slain by a jackal (1 damage)
             ... on level 1 of the Dungeon.
             The game lasted 00:00:22 (29 turns).

freelancePsychic the Cudgeller (Meteoran Berserker)   Turns: 29, Time: 00:00:23

Health: 0/19       AC:  2    Str: 18    XL:     1   Next: 28%
Magic:  2/2        EV: 12    Int:  8    God:    Trog [*.....]
Gold:   6          SH:  0    Dex: 13    Spells: 0/0 levels left

rFire   . . .      SeeInvis .   c - +2 dagger (venom)
rCold   . . .      Faith    .   (no shield)
rNeg    . . .      Spirit   .   b - +0 animal skin
rPois   .          Reflect  .   (no helmet)
rElec   .          Harm     .   (no cloak)
rCorr   .          Rampage  .   (no gloves)
Will    .....                   (no boots)
Stlth   +.........              (no amulet)
HPRegen 0.06/turn               (no ring)
MPRegen 0.08/turn               (no ring)

@: on berserk cooldown, slowed, glowing, very slow
A: sense surroundings 1, otherworldly, glowing, explore regen
a: Renounce Religion, Berserk


You were on level 1 of the Dungeon.
You worshipped Trog.
Trog was aware of your devotion.
You visited 1 branch of the dungeon, and saw 1 of its levels.

You collected 6 gold pieces.

Inventory:

Hand Weapons
 a - a +0 mace
 c - a +2 dagger of venom (weapon)
Armour
 b - a +0 animal skin (worn)
Scrolls
 d - a scroll of identify {unknown}


   Skills:
 + Level 3.3 Fighting
 * Level 4.1 Maces & Flails
 + Level 2.4 Armour
 - Level 2.4 Dodging


You couldn't memorise any spells.
You didn't know any spells.
Your spell library was empty.

Dungeon Overview and Level Annotations

Branches:
Dungeon (1/15) Zot: 563

Altars:


Innate Abilities, Weirdness & Mutations

You passively map a small area around you.
You are easily found by Zot.
You glow in the dark.
You regain HP and MP as you explore.


Message History

c - a +2 dagger of venom (weapon)
Found a sling and 3 stones.
You feel your anger nearly subside.
You are no longer berserk.
You are exhausted.
You feel yourself slow down.
You feel sick.
You feel sick.
You feel sick.
d - a scroll labelled IBLAMA ICRIMN You feel sick.
You are no longer poisoned.
You now have 6 gold pieces.
As you open the door, it creaks loudly!
You hear an angry hiss.
You hear a bark! 3 jackals and a frilled lizard come into view.
Found 6 gold pieces.
The jackal barks! x2; The frilled lizard hisses angrily.
There is an open door here.
You hit the frilled lizard but do no damage.
The frilled lizard is poisoned.
The frilled lizard bites you but does no damage.
The jackal bites you.
You miss the frilled lizard.
You kill the frilled lizard!
Trog accepts your kill.
The jackal bites you. x2; The jackal barely misses you.
The jackal attacks as you move away! The jackal misses you.
The jackal attacks as you move away! The jackal bites you.
* * * LOW HITPOINT WARNING * * *
You closely miss the jackal. The jackal bites you.
* * * LOW HITPOINT WARNING * * *
You hit the jackal.
The jackal is poisoned.
The jackal is heavily wounded.
The jackal barely misses you. The jackal closely misses you.
The jackal bites you.
* * * LOW HITPOINT WARNING * * *
The jackal bites you.
* * * LOW HITPOINT WARNING * * *
The jackal bites you.
You die...

,
+....+...(.........#
,++++++##...........#
, ...............#
)...............#
##..............# ,
#####........(.# *
#..........#
#..........# *
##...h@##### , ,
#####h# *
*.......h..#
..........#
......$...+ ,
..........#
*..........+ *
*..........#
..........#


You could see 3 jackals.

Vanquished Creatures
  A frilled lizard (D:1)
  A kobold (D:1)
2 creatures vanquished.

Notes
Turn   | Place    | Note
-------+----------+-------------------------------------------
     0 | D:1      | freelancePsychic the Meteoran Berserker began the quest for
                  | the Orb.
     0 | D:1      | Reached XP level 1. HP: 19/19 MP: 2/2
    29 | D:1      | Slain by a jackal

Illustrated notes

Levels and vault maps discovered:
D:1:      lightli_arrival_maybe_door_vault, layout_basic, basic_ecumenical_altar

Action                   || total
-------------------------++-------
Melee: Dagger            ||     4
       Mace              ||     1
Invok: Berserk           ||     1
Armor: Animal skin       ||     1
Dodge: Dodged            ||     4
